 Dungeon Crawl Stone Soup version 0.31.0-11-ge490571c62 (webtiles) character file.

Game seed: 14867722483280218260

323961 Flugkiller the Slayer (level 20, -10/206 HPs)
             Began as a Minotaur Fighter on Jan 29, 2024.
             Was an Elder of Okawaru.
             Killed from afar by a seraph (16 damage)
             ... with a cleansing flame
             ... on level 12 of the Dungeon.
             The game lasted 00:29:16 (38699 turns).

Flugkiller the Slayer (Minotaur Fighter)           Turns: 38699, Time: 00:29:17

Health: -10/206    AC: 34    Str: 33    XL:     20   Next: 32%
Magic:  20/25      EV: 22    Int:  5    God:    Okawaru [****..]
Gold:   2038       SH: 16    Dex: 17    Spells: 19/19 levels left

rFire   + + +        a - +10 broad axe of Rounekha {heavy, Fly rPois}
rCold   + + .        T - +2 shield of Resistance {rF++ rC++ Will++}
rNeg    . . .        P - +8 chain mail of Qouddiap {Rampage rF+}
rPois   +            (helmet unavailable)
rElec   .            G - +2 cloak
rCorr   .            Q - +2 pair of gloves
SInv    .            (no boots)
Will    +++..        (no amulet) Stlth
                     v - +5 ring of evasion
HPRegen 0.54/turn    k - ring of Natef {^Drain rF++ Str+4 Dex+6}
MPRegen 0.19/turn

%: rampage
@: finesse-ful, flying, glowing
A: horns 3, retaliatory headbutt, iridescent scales 1, low MP 1
0: Orb of Zot
}: 3/15 runes: barnacled, abyssal, gossamer
a: Renounce Religion, Heroism, Finesse


You were on level 12 of the Dungeon.
You worshipped Okawaru.
Okawaru was greatly pleased with you.
You visited 7 branches of the dungeon, and saw 39 of its levels.
You visited the Abyss 2 times.
You also visited: Volcano.

You collected 3185 gold pieces.
You spent 1147 gold pieces at shops.

Inventory:

Hand Weapons
 a - the +10 broad axe of Rounekha (weapon) {heavy, Fly rPois}
   (Okawaru gifted it to you on level 11 of the Dungeon)

   rPois:     It protects you from poison Fly: It grants you flight.
 b - a +1 hand axe of distortion
   (You took it off an orc high priest on level 2 of the Orcish Mines)
Missiles
 M - 3 throwing nets (quivered)
Armour
 e - a +2 hat of stealth
   (You acquired it on level 4 of the Dungeon)
 x - the +2 pair of gloves "Loujel" {Harm rPois Str+2 Int+2}
   (You found it on level 14 of the Dungeon)

   Str+2:     It affects your strength (+2).
   Int+2:     It affects your intelligence (+2).
   rPois:     It protects you from poison Harm: It increases damage dealt and
   taken.
 G - a +2 cloak (worn)
   (You took it off Maurice on level 9 of the Dungeon)
 P - the +8 chain mail of Qouddiap (worn) {Rampage rF+}
   (Okawaru gifted it to you on level 11 of the Dungeon)

   rF+:       It protects you from fire.
   Rampage:   It bestows one free step when moving towards enemies.
 Q - a +2 pair of gloves (worn)
   (You found it on level 5 of the Lair of Beasts)
 T - the +2 shield of Resistance (worn) {rF++ rC++ Will++}
   (You found it on level 4 of the Shoals)

   rF++:      It greatly protects you from fire.
   rC++:      It greatly protects you from cold.
   Will++:    It greatly increases your willpower.
Jewellery
 c - a ring of protection from cold
   (You found it on level 1 of the Depths)
 k - the ring of Natef (right hand) {^Drain rF++ Str+4 Dex+6}
   (You took it off a kobold on level 8 of the Dungeon)

   [ring of dexterity]

   Str+4:     It affects your strength (+4).
   Dex+6:     It affects your dexterity (+6).
   rF++:      It greatly protects you from fire.
   ^Drain:    It drains your maximum health when unequipped.
 m - a ring of willpower
   (You found it on level 4 of the Lair of Beasts)
 o - a ring of poison resistance
   (You found it on level 7 of the Dungeon)
 p - a ring of flight
   (You found it on level 7 of the Dungeon)
 q - a ring of willpower
   (You found it on level 4 of the Realm of Zot)
 v - a +5 ring of evasion (left hand)
   (You found it on level 6 of the Dungeon)
 y - a +5 ring of evasion
   (You found it on level 1 of the Lair of Beasts)
 J - a ring of willpower
   (You found it on level 4 of the Depths)
 O - a ring of wizardry
   (You found it on level 5 of the Lair of Beasts)
 V - the ring "Vuig" {rPois Will+ MP-9 AC+4 Str+2}
   (You found it on level 5 of the Realm of Zot)

   [ring of protection]

   AC+4:      It affects your AC (+4).
   Str+2:     It affects your strength (+2).
   rPois:     It protects you from poison Will+: It increases your willpower.
   MP-9:      It affects your magic capacity (-9).
Wands
 i - a wand of mindburst (1)
   (You found it on level 5 of the Realm of Zot)
 l - a wand of paralysis (12)
   (You found it on level 1 of the Lair of Beasts)
 w - a wand of light (4)
   (You found it on level 3 of the Depths)
 U - a wand of roots (22)
   (You found it on level 10 of the Dungeon)
Scrolls
 j - 4 scrolls of fog
 r - 8 scrolls of identify
 B - 5 scrolls of enchant weapon
 H - 2 scrolls of enchant armour
 N - 5 scrolls of fear
 R - a scroll of poison
 S - 2 scrolls of immolation
Potions
 d - 5 potions of might
 f - 2 potions of berserk rage
 h - a potion of haste
 n - 3 potions of resistance
 s - a potion of mutation
 A - 2 potions of invisibility
 D - 4 potions of lignification
 E - 5 potions of attraction
 I - 2 potions of magic
 K - 2 potions of brilliance
Miscellaneous
 C - a phial of floods
   (You found it on level 8 of the Dungeon)
 F - a condenser vane
   (You found it on level 8 of the Dungeon)
 L - a lightning rod (4/4)
   (You found it on level 15 of the Dungeon)


   Skills:
 + Level 24.2 Fighting
 - Level 18.0 Axes
 + Level 22.3 Armour
 + Level 14.4 Dodging
 - Level 15.0 Shields
 - Level 12.0 Invocations


You had 19 spell levels left.
You didn't know any spells.
Your spell library contained the following spells:

 Spells                   Type           Power      Damage    Failure   Level
 Apportation              Tloc           0%         N/A       82%         1
 Foxfire                  Conj/Fire      0%         2x1d4     82%         1
 Freeze                   Ice            0%         1d3       82%         1
 Necrotise                Necr           0%         1d4       82%         1
 Shock                    Conj/Air       0%         1d3       82%         1
 Sting                    Conj/Alch      0%         1d3       82%         1
 Mercury Vapours          Alch/Air       0%         N/A       91%         2
 Scorch                   Fire           0%         2d5       91%         2
 Frozen Ramparts          Ice            0%         1d1       99%         3
 Hailstorm                Conj/Ice       0%         3d5       99%         3
 Mephitic Cloud           Conj/Alch/Air  0%         N/A       99%         3
 Ozocubu's Armour         Ice            0%         N/A       99%         3
 Sigil of Binding         Hex            0%         N/A       99%         3
 Stone Arrow              Conj/Erth      0%         3d7       99%         3
 Vampiric Draining        Necr           0%         2d6       99%         3
 Dimensional Bullseye     Hex/Tloc       0%         N/A       100%        4
 Flame Wave               Conj/Fire      0%         2d4       100%        4
 Manifold Assault         Tloc           0%         N/A       100%        4
 Curse of Agony           Necr           0%         N/A       100%        5
 Fireball                 Conj/Fire      0%         3d3       100%        5
 Freezing Cloud           Conj/Ice/Air   0%         6-21      100%        5
 Lee's Rapid Deconstruct  Erth           0%         3d4*      100%        5
 Metabolic Englaciation   Hex/Ice        0%         N/A       100%        5
 Dispersal                Tloc           0%         N/A       100%        6
 Plasma Beam              Fire/Air       0%         2x1d10    100%        6
 Starburst                Conj/Fire      0%         6d3       100%        6
 Disjunction              Tloc           0%         N/A       100%        8
 Lehudib's Crystal Spear  Conj/Erth      0%         10d2      100%        8
 Summon Small Mammal      Summ           Unusable   N/A       N/A         1
 Call Canine Familiar     Summ           Unusable   N/A       N/A         3
 Animate Armour           Summ/Erth      Unusable   N/A       N/A         4
 Martyr's Knell           Necr/Summ      Unusable   N/A       N/A         4
 Summon Lightning Spire   Summ/Air       Unusable   N/A       N/A         4
 Sculpt Simulacrum        Ice/Alch       Unusable   N/A       N/A         6

Dungeon Overview and Level Annotations

Branches:
Dungeon (15/15)            Temple (0/1) D:7            Lair (5/5) D:10
 Shoals (4/4) Lair:2       Spider (4/4) Lair:2        Slime (0/5) Lair:5
    Orc (2/2) D:9             Elf (0/3) Orc:2        Vaults (0/5) D:14
 Depths (4/4) D:15            Zot (5/5) Depths:4    Volcano (visited)

Altars:
Hepliaklqana
Kikubaaqudgha
Okawaru
Sif Muna
Uskayaw
Vehumet
Wu Jian
Xom
Zin
The Shining One
Jiyva
Lugonu

Shops:
D:8 *   D:10 *([?   Orc:1 ?[*   Orc:2 [*:*   Shoals:2 :

Portals:
Abyss: D:14 Depths:4
Pandemonium: Orc:2

Annotations:
D:7 2 runed translucent doors, Raspi's ghost, novice HOFi
D:13 exclusion: obsidian statue


Innate Abilities, Weirdness & Mutations

You have a pair of large horns on your head.
You reflexively headbutt those who attack you in melee.
You are partially covered in iridescent scales. (AC +2)
Your magical capacity is low. (-10% MP)


Message History

You hit the seraph but do no damage. You headbutt the seraph.
The seraph is lightly wounded.
You closely miss the angel.
The seraph shouts a warning to its allies!
You block the angel's attack. The angel misses you.
The seraph gestures.
The angel hits you with a +3 whip of holy wrath!
You block the angel's attack.
You miss the seraph. You headbutt the seraph!
The seraph is lightly wounded.
You barely miss the angel. x2; The angel barely misses you.
The angel hits you but does no damage.
The cherub sings a powerful hymn!
The angel goes into a battle-frenzy!
You slice the seraph!! Your headbutt misses the seraph.
The seraph is lightly wounded.
You completely miss the angel. You carve the angel like a ham!!!
The angel misses you. The angel hits you but does no damage.
You block the angel's attack. x2
The seraph hits you with a +8 great sword of flaming!!!
The seraph burns you. The seraph completely misses you.
The angel hits you with a +3 whip of holy wrath!
The angel hits you but does no damage. You block the angel's attack.
The angel closely misses you.
You miss the seraph.
The seraph is moderately wounded.
You completely miss the angel. You hit the angel but do no damage.
You block the seraph's attack.
The seraph hits you with a +8 great sword of flaming!
You block the angel's attack. x2; The angel completely misses you. x2
You hit the seraph. Your headbutt misses the seraph.
The seraph is moderately wounded.
You miss the angel. x2
The seraph shouts a warning to its allies!
You block the angel's attack.
The angel hits you with a +3 whip of holy wrath.
You block the angel's attack. The angel completely misses you.
The seraph gestures.
The seraph begins to accept its allies' injuries.
You block the angel's attack.
The angel hits you but does no damage. x2
The angel completely misses you.
The cherub sings a powerful hymn!
The angel goes into a battle-frenzy!
You miss the seraph.
The seraph is moderately wounded.
You slice the angel!! You closely miss the angel.
The seraph closely misses you. You block the seraph's attack.
You block the angel's attack. x2
The angel hits you with a +1 whip of holy wrath. x2
The seraph hits you with a +8 great sword of flaming!!
* * * LOW HITPOINT WARNING * * *
The seraph hits you with a +8 great sword of flaming!!
* * * LOW HITPOINT WARNING * * *
The seraph burns you.
* * * LOW HITPOINT WARNING * * *
The angel completely misses you. The angel barely misses you.
Unknown command.
You can now deal lightning-fast blows.
The angel hits you with a +1 whip of holy wrath.
* * * LOW HITPOINT WARNING * * *
The angel hits you but does no damage.
The seraph gestures.
The angel completely misses you. You furiously retaliate!
You headbutt the angel!!
The angel hits you with a +3 whip of holy wrath!
* * * LOW HITPOINT WARNING * * *
The angel closely misses you. The angel hits you but does no damage.
You open the angel like a pillowcase!!!
You headbutt the angel, but do no damage.
The angel is heavily wounded.
You miss the angel. You hit the seraph.
The seraph gestures.
The seraph begins to accept its allies' injuries.
The angel gestures.
The angel is healed somewhat.
The angel hits you but does no damage. You block the angel's attack.
Okay, then.
Okay, then.
Okay, then.
You cut the seraph into ribbons!!!
The seraph is severely wounded.
You miss the angel. You open the angel like a pillowcase!!!
You block the seraph's attack. The seraph hits you but does no damage.
The angel barely misses you. You furiously retaliate!
You headbutt the angel!
The angel hits you with a +3 whip of holy wrath.
* * * LOW HITPOINT WARNING * * *
Unknown command.
You barely miss the seraph.
The seraph is almost dead.
You slice the angel!! You barely miss the angel.
You block the angel's attack. x2
You miss the seraph.
The seraph is almost dead.
You miss the angel. You slice the angel!!
The seraph no longer looks unusually strong.
The seraph gestures.
The seraph channels a blast of cleansing flame!
The golden flame engulfs the seraph.
The seraph completely resists.
The golden flame engulfs the angel.
The angel completely resists.
The golden flame engulfs you!
You die...

.# #.# .# #.# .#
#.# .# #.# .# #.#
.# #.# .# #.# .#
#A#
.###############@#
..............AAA#
#####.##########A#
# #.# #A# # #.#
#.# # #.# #.#
#####.##########.#
.................#
######.#########.#


You could see a seraph, 4 angels and a cherub (summoned, sheltered).

Vanquished Creatures
  2 ancient liches (Zot:5)
  An orb of fire (Arena)
  Saint Roka (Orc:2)
  6 golden dragons
  2 bone dragons
  Arachne (Spider:4)
  An electric golem (Zot:5)
  8 tentacled monstrosities
  A lich (Abyss:4)
  21 Orb Guardians
  6 tentacled starspawn (Abyss:4)
  A death cob (Zot:5)
  Kirke (D:14)
  A shadow dragon (Depths:4)
  2 storm dragons
  A tengu reaver (Depths:2)
  2 draconian knights
  2 fire giants
  3 daevas (Abyss:4)
  3 emperor scorpions (Spider:4)
  2 frost giants
  Louise (Spider:1)
  A draconian shifter (Zot:2)
  10 ghost moths
  2 draconian stormcallers
  3 angels (Abyss:4)
  A cacodemon (Abyss:4)
  A reaper (Abyss:4)
  A spriggan defender (Depths:3)
  A draconian annihilator (Zot:2)
  8 stone giants
  5 very ugly things
  A green draconian (Zot:3)
  2 black draconians (Zot:2)
  4 purple draconians
  3 red draconians
  A lorocyproca (Depths:4)
  4 spark wasps
  3 white draconians
  6 yellow draconians
  An ettin (Depths:4)
  2 blizzard demons (Abyss:4)
  2 fire dragons
  3 merfolk impalers (Shoals:4)
  5 hydras
  An ice dragon (Depths:1)
  2 rakshasas
  3 entropy weavers
  2 spriggan air magi
  4 jorogumos (Spider:4)
  3 merfolk avatars
  6 vault guards (D:14)
  2 death knights (D:15)
  A merfolk aquamancer (Shoals:4)
  2 alligator snapping turtles
  2 demonspawn (Orc:2)
  3 centaur warriors
  2 dancing weapons (Abyss:4)
  A radroach (Spider:4)
  A boulder beetle (Spider:4)
  A satyr (Shoals:4)
  4 two-headed ogres
  5 demonic crawlers
  A hell hog (Abyss:4)
  2 deep troll shamans (Depths:4)
  10 thrashing horrors (Abyss:4)
  Urug (D:12)
  3 deep troll earth magi
  3 holy swine (Abyss:4)
  2 occultists (Depths:3)
  2 spriggan berserkers (Depths:4)
  3 orc high priests
  A storm dragon zombie (Depths:2)
  A sun demon (Abyss:4)
  4 wretched stars (Abyss:4)
  4 iron trolls
  3 spriggans
  A soul eater (Abyss:4)
  2 titan skeletons
  A skyshark (Lair:5)
  8 sea snakes
  2 sixfirhies (Abyss:4)
  13 orb spiders
  A death drake (Abyss:4)
  6 pharaoh ants
  3 flayed ghosts
  A shadow demon (Abyss:4)
  2 glowing orange brains
  A kraken simulacrum (Shoals:4)
  A sun moth (shapeshifter) (Depths:4)
  21 large abominations
  A sun moth (Spider:4)
  7 deep trolls
  2 steelbarb worms (Spider:4)
  A swamp dragon (Lair:5)
  Pikel (D:5)
  6 orc knights
  A phantasmal warrior (D:15)
  3 deep elf pyromancers
  A necromancer (Depths:2)
  A shining eye (Abyss:4)
  9 manticores
  8 ugly things
  18 wolf spiders
  15 fauns
  Maurice (D:9)
  12 orc sorcerers
  9 cyclopes
  A will-o-the-wisp (Arena)
  2 worldbinders (Abyss:4)
  3 meliai (D:15)
  5 elephants (Lair:4)
  2 oklob plants (Lair:5)
  A rust devil (Orc:2)
  5 merfolk sirens
  9 slime creatures
  19 moths of wrath
  5 kobold blastminers
  3 apocalypse crabs (Abyss:4)
  A frost giant skeleton (Depths:2)
  5 torpor snails
  2 water nymphs
  7 black mambas
  16 cane toads
  2 smoke demons (Abyss:4)
  5 gargoyles
  3 unseen horrors
  An orange demon (Abyss:4)
  A naga skeleton (Abyss:4)
  15 komodo dragons
  Jeremiah (D:6)
  5 rime drakes
  An unseen horror (shapeshifter) (Abyss:4)
  5 freezing wraiths
  7 efreet
  A kobold demonologist (D:12)
  A hellion (Depths:4)
  5 ancient zymes (Abyss:4)
  3 polar bears
  9 merfolk
  7 trolls
  10 hornets
  7 wind drakes
  2 snapping turtles
  11 tarantellas
  9 dream sheep
  12 raiju (Abyss:4)
  24 blink frogs
  17 jumping spiders
  17 culicivoras
  Sigmund (D:6)
  6 small abominations (Abyss:4)
  3 ynoxinuls
  2 shadows
  7 water elementals
  4 wyverns
  A hog (D:14)
  6 wraiths
  48 yaks
  2 neqoxecs
  2 fire elementals (Volcano)
  7 humans (D:14)
  A yak (shapeshifter) (D:14)
  2 basilisks
  22 starcursed masses (Abyss:4)
  32 redbacks
  3 wargs
  A chaos spawn (Abyss:4)
  Edmund (D:5)
  A harpy simulacrum (Abyss:4)
  Duvessa (D:5)
  5 acid dragons
  An ice beast (shapeshifter) (D:15)
  15 water moccasins
  2 swamp drakes (Lair:5)
  A sky beast (D:7)
  44 orc warriors
  5 black bears
  3 ice beasts
  2 laughing skulls (D:14)
  5 ogres
  30 wolves
  4 centaurs
  3 kobold brigands
  16 bullfrogs
  8 earth elementals
  2 weeping skulls (Abyss:4)
  A scorpion (D:5)
  A gnoll sergeant (D:5)
  A wight (D:7)
  Dowan (D:5)
  4 killer bees (D:9)
  2 electric eels (D:10)
  A howler monkey (D:9)
  A quasit (Abyss:4)
  6 hounds
  2 bombardier beetles
  28 orc priests
  A sleepcap (D:6)
  Jessica (D:2)
  6 iguanas
  15 orc wizards
  15 gnolls
  6 adders
  A shadow imp (D:8)
  4 white imps
  2 ufetubi (Abyss:4)
  2 ribbon worms
  A dart slug (D:2)
  72 orcs
  7 bats
  3 endoplasms
  7 giant cockroaches
  3 goblins
  5 hobgoblins
  8 jackals (D:1)
  21 kobolds
  4 quokkas
  7 ball pythons
  5 frilled lizards
  6 rats
  A butterfly (Depths:4)
  5 lurking horrors
  3 starspawn tentacles (Abyss:4)
1208 creatures vanquished.

Vanquished Creatures (others)
  A vault guard (D:14)
  A wolf spider (Spider:4)
  A culicivora (Spider:4)
  A golden eye (Abyss:4)
  A redback (Spider:4)
  2 small abominations (Abyss:4)
  An orc priest (Orc:1)
  10 starspawn tentacles (Abyss:4)
  4 tentacles (Shoals:4)
22 creatures vanquished.

Grand Total: 1230 creatures vanquished

Notes
Turn   | Place    | Note
-------+----------+-------------------------------------------
     0 | D:1      | Flugkiller the Minotaur Fighter began the quest for the
                  | Orb.
     0 | D:1      | Reached XP level 1. HP: 19/19 MP: 0/0
   197 | D:1      | Reached XP level 2. HP: 21/27 MP: 1/1
   259 | D:1      | Reached skill level 4 in Fighting
   616 | D:1      | Reached XP level 3. HP: 33/33 MP: 2/2
  1197 | D:2      | Found a glowing golden altar of the Shining One.
  1263 | D:2      | Noticed Jessica
  1271 | D:2      | Killed Jessica
  1272 | D:2      | Reached XP level 4. HP: 41/41 MP: 3/3
  1519 | D:2      | Found a faded altar of an unknown god.
  1591 | D:2      | Prayed at the altar of an unknown god.
  1591 | D:2      | Became a worshipper of Warmaster Okawaru
  1591 | D:2      | Reached * piety under Okawaru
  1797 | D:3      | Reached skill level 5 in Fighting
  1797 | D:3      | Reached XP level 5. HP: 35/48 MP: 4/4
  2437 | D:3      | Found an ornate altar of the Wu Jian Council.
  2437 | D:3      | Found a shimmering altar of Xom.
  2438 | D:3      | Found an ancient bone altar of Kikubaaqudgha.
  2846 | D:4      | Reached skill level 1 in Invocations
  3771 | D:4      | Identified 2 scrolls of acquirement
  3771 | D:4      | Acquired a +2 hat of stealth
  3781 | D:4      | Acquired a +0 vampiric executioner's axe
  3805 | D:5      | Entered Level 5 of the Dungeon
  3986 | D:5      | Noticed Edmund
  3987 | D:5      | Noticed a black bear
  4004 | D:5      | Reached XP level 6. HP: 52/56 MP: 5/5
  4007 | D:5      | Killed Edmund
  4008 | D:5      | Reached skill level 5 in Axes
  4008 | D:5      | Reached ** piety under Okawaru
  4009 | D:5      | Reached skill level 5 in Armour
  4009 | D:5      | Reached skill level 5 in Shields
  4038 | D:5      | Reached skill level 6 in Fighting
  4039 | D:5      | Reached XP level 7. HP: 58/63 MP: 7/7
  4042 | D:5      | Noticed Dowan
  4047 | D:5      | Noticed Duvessa
  4051 | D:5      | Killed Dowan
  4056 | D:5      | Killed Duvessa
  4259 | D:5      | Noticed Pikel
  4282 | D:5      | Killed Pikel
  4282 | D:5      | Reached *** piety under Okawaru
  4283 | D:5      | Reached skill level 7 in Fighting
  4283 | D:5      | Reached XP level 8. HP: 19/73 MP: 7/9
  4480 | D:5      | Found a glowing silver altar of Zin.
  4896 | D:5      | Reached skill level 8 in Fighting
  5191 | D:6      | Reached **** piety under Okawaru
  5207 | D:6      | Reached XP level 9. HP: 66/82 MP: 10/10
  5315 | D:6      | Noticed Sigmund
  5336 | D:6      | Killed Sigmund
  5787 | D:6      | Found a shimmering blue altar of Sif Muna.
  6053 | D:6      | Noticed Jeremiah
  6133 | D:7      | Reached skill level 9 in Fighting
  6406 | D:7      | Found a staircase to the Ecumenical Temple.
  6412 | D:7      | Found a large runed translucent door.
  6412 | D:7      | Found a large runed translucent door.
  6415 | D:7      | Noticed Raspi's ghost (novice HOFi)
  7644 | D:6      | Killed Jeremiah
  8273 | D:8      | Reached XP level 10. HP: 79/93 MP: 12/12
  8277 | D:8      | Reached skill level 10 in Fighting
  8277 | D:8      | Reached skill level 5 in Invocations
  8352 | D:8      | Paralysed by a hornet for 2 turns
  8509 | D:8      | Noticed a centaur warrior
  8513 | D:8      | Identified the ring of Natef {^Drain rF++ Str+4 Dex+6}
  8525 | D:8      | Killed a centaur warrior
  8525 | D:8      | Reached ***** piety under Okawaru
  8526 | D:8      | Reached skill level 10 in Axes
  8538 | D:8      | Noticed a manticore
  8780 | D:8      | Found Offonk's Assorted Antiques.
  8808 | D:8      | Noticed a centaur warrior
  8809 | D:8      | Noticed a cyclops
  8820 | D:8      | Killed a cyclops
  8827 | D:8      | Killed a centaur warrior
  8828 | D:8      | Reached skill level 11 in Fighting
  8898 | D:8      | Killed a manticore
  9133 | D:8      | Noticed a two-headed ogre
  9139 | D:8      | Killed a two-headed ogre
  9139 | D:8      | Received a gift from Okawaru
  9608 | D:8      | Identified the staff of Beogh's Favour {^Drain rElec rF+
                  | Dex+2 Air Earth}
  9678 | D:9      | Reached XP level 11. HP: 96/102 MP: 14/14
  9821 | D:9      | Noticed Maurice
  9829 | D:9      | Maurice stole 405 gold
  9833 | D:9      | Killed Maurice
  9974 | D:9      | Found a staircase to the Orcish Mines.
 10371 | D:9      | Acquired 482 gold pieces
 10386 | D:10     | Entered Level 10 of the Dungeon
 10413 | D:10     | Found a staircase to the Lair.
 10477 | D:10     | Found Nymuvvez's Antique Armour Shop.
 10596 | D:10     | Found Houxep's Weapon Shop.
 10772 | D:10     | Noticed a two-headed ogre
 10950 | D:10     | Found Ohyom's Assorted Antiques.
 10980 | D:10     | Killed a two-headed ogre
 10981 | D:10     | Reached skill level 12 in Fighting
 11125 | D:10     | Found Teenoiq's Magic Scroll Boutique.
 12023 | D:11     | Noticed a two-headed ogre
 12027 | D:11     | Killed a two-headed ogre
 12027 | D:11     | Reached ****** piety under Okawaru
 12027 | D:11     | Received a gift from Okawaru
 12030 | D:11     | Acquired the +10 broad axe of Rounekha {heavy, Fly rPois}
 12030 | D:11     | Received a gift from Okawaru
 12036 | D:11     | Acquired the +8 chain mail of Qouddiap {Rampage rF+}
 12036 | D:11     | Received a gift from Okawaru
 12323 | Lair:1   | Entered Level 1 of the Lair of Beasts
 12406 | Lair:1   | Reached XP level 12. HP: 104/113 MP: 16/16
 12410 | Lair:1   | Reached skill level 13 in Fighting
 12410 | Lair:1   | Reached skill level 10 in Armour
 12615 | Lair:1   | Reached skill level 10 in Shields
 13447 | Lair:2   | Noticed a seven-headed hydra
 13455 | Lair:2   | Killed a ten-headed hydra
 13455 | Lair:2   | Received a gift from Okawaru
 13757 | Lair:2   | Found a hole to the Spider Nest.
 13784 | Lair:2   | Reached skill level 14 in Fighting
 13867 | Lair:2   | Found a dark tunnel.
 13875 | Volcano  | Entered a volcano
 13922 | Volcano  | Found a large runed translucent door.
 13924 | Volcano  | Found a large runed translucent door.
 13945 | Volcano  | Found a large runed translucent door.
 13945 | Volcano  | Found a large runed translucent door.
 14010 | Volcano  | Noticed a stone giant
 14038 | Volcano  | Noticed a stone giant
 14042 | Volcano  | Killed a stone giant
 14048 | Volcano  | Killed a stone giant
 14048 | Volcano  | Received a gift from Okawaru
 14242 | Volcano  | Found a large runed translucent door.
 14242 | Volcano  | Found a large runed translucent door.
 14245 | Volcano  | Found a large runed translucent door.
 14245 | Volcano  | Found a large runed translucent door.
 14252 | Volcano  | Found a large runed translucent door.
 14252 | Volcano  | Noticed a stone giant
 14253 | Volcano  | Found a large runed translucent door.
 14264 | Volcano  | Killed a stone giant
 14405 | Volcano  | Found a large runed translucent door.
 14405 | Volcano  | Found a large runed translucent door.
 14419 | Volcano  | Noticed a stone giant
 14424 | Volcano  | Killed a stone giant
 14425 | Volcano  | Noticed a stone giant
 14427 | Volcano  | Found a large runed translucent door.
 14427 | Volcano  | Found a large runed translucent door.
 14431 | Volcano  | Killed a stone giant
 14432 | Volcano  | Reached XP level 13. HP: 57/125 MP: 18/18
 14604 | Volcano  | Found a large runed translucent door.
 14606 | Volcano  | Found a large runed translucent door.
 14607 | Volcano  | Found a large runed translucent door.
 14608 | Volcano  | Found a large runed translucent door.
 15158 | Lair:2   | Found a staircase to the Shoals.
 15161 | Lair:2   | Received a gift from Okawaru
 15364 | Lair:3   | Reached skill level 15 in Fighting
 15505 | Lair:3   | Reached skill level 15 in Axes
 15937 | Lair:3   | Received a gift from Okawaru
 16604 | Lair:4   | Reached skill level 1 in Dodging
 17556 | Lair:5   | Entered Level 5 of the Lair of Beasts
 17584 | Lair:5   | Received a gift from Okawaru
 17631 | Lair:5   | Reached XP level 14. HP: 126/136 MP: 20/20
 17746 | Lair:5   | Received a gift from Okawaru
 17800 | Lair:5   | Reached skill level 16 in Fighting
 17864 | Lair:5   | Identified the +10 spear of Ascent {flame, rCorr}
 18187 | Lair:5   | Found a staircase to the Slime Pits.
 18187 | Lair:5   | Found a viscous altar of Jiyva.
 18196 | Lair:5   | HP: 2/137 [oklob plant/splash of acid (31)]
 18685 | Lair:5   | Received a gift from Okawaru
 19478 | D:12     | Noticed Urug
 19479 | D:12     | Paralysed by Urug for 5 turns
 19486 | D:12     | Killed Urug
 19487 | D:12     | Reached skill level 10 in Invocations
 20381 | D:13     | Received a gift from Okawaru
 20530 | D:14     | Noticed Kirke
 20531 | D:14     | Found a one-way gate to the infinite horrors of the Abyss.
 20531 | D:14     | Found a corrupted altar of Lugonu.
 20535 | D:14     | Killed Kirke
 20536 | D:14     | Reached skill level 5 in Dodging
 20974 | D:14     | Identified the +2 pair of gloves "Loujel" {Harm rPois Str+2
                  | Int+2}
 21045 | D:14     | Received a gift from Okawaru
 21391 | D:14     | Found a hide-covered altar of Uskayaw.
 21585 | D:14     | Found a gate to the Vaults.
 21805 | D:15     | Entered Level 15 of the Dungeon
 21831 | D:15     | Reached XP level 15. HP: 145/145 MP: 21/21
 21986 | D:15     | Found a staircase to the Depths.
 21987 | D:15     | Noticed a fire giant
 21994 | D:15     | Killed a fire giant
 22501 | D:15     | HP: 4/146 [mirror damage (4)]
 22502 | Arena    | Entered the Arena
 22505 | Arena    | Received a gift from Okawaru
 23246 | D:15     | Found a hazy altar of Hepliaklqana.
 23798 | Orc:1    | Entered Level 1 of the Orcish Mines
 23803 | Orc:1    | Found Naumyrya's Assorted Antiques.
 23969 | Orc:1    | Bought a steaming steel amulet for 120 gold pieces
 23969 | Orc:1    | Identified the amulet of the Threshing Priest {Faith Harm
                  | rElec rC- MP+9} (You bought it in a shop on level 1 of the
                  | Orcish Mines)
 24123 | Orc:1    | Found Poguh's Armour Shoppe.
 24147 | Orc:1    | Found Reqih's Magic Scroll Shoppe.
 24159 | Orc:1    | Bought a scroll of brand weapon for 123 gold pieces
 24159 | Orc:1    | Bought a scroll of blinking for 97 gold pieces
 24885 | Orc:2    | Entered Level 2 of the Orcish Mines
 24913 | Orc:2    | Found a staircase to the Elven Halls.
 24936 | Orc:2    | Found Ledgh's General Store.
 24940 | Orc:2    | Reached skill level 17 in Fighting
 24947 | Orc:2    | Found Tuecsing's General Store.
 24954 | Orc:2    | Gained mutation: You expend magic power (3 MP) to
                  | strengthen your wands. [a neqoxec]
 25046 | Orc:2    | Bought a scroll of teleportation for 45 gold pieces
 25046 | Orc:2    | Bought a potion of heal wounds for 75 gold pieces
 25121 | Orc:2    | Received a gift from Okawaru
 25123 | Orc:2    | Paralysed by an orc sorcerer for 4 turns
 25320 | Orc:2    | Found Gaexy's Antique Armour Shop.
 25320 | Orc:2    | Found Lylyuj's Book Boutique.
 25320 | Orc:2    | Found a one-way gate leading to the halls of Pandemonium.
 25325 | Orc:2    | Bought a translucent chain mail for 247 gold pieces
 25325 | Orc:2    | Identified the +8 chain mail of Ukuweoli {Str+2} (You
                  | bought it in a shop on level 2 of the Orcish Mines)
 25697 | Orc:2    | Noticed Saint Roka
 25714 | Orc:2    | Killed Saint Roka
 25714 | Orc:2    | Received a gift from Okawaru
 26655 | Shoals:1 | Entered Level 1 of the Shoals
 26794 | Shoals:1 | Received a gift from Okawaru
 26798 | Shoals:2 | Found Xunerupo's Vocational Training.
 27007 | Shoals:2 | Reached XP level 16. HP: 141/155 MP: 23/23
 27475 | Shoals:4 | Entered Level 4 of the Shoals
 27646 | Shoals:4 | Received a gift from Okawaru
 27749 | Shoals:4 | Found the +2 shield of Resistance {rF++ rC++ Will++}
 27920 | Shoals:4 | Got a barnacled rune of Zot
 28199 | Shoals:4 | Reached skill level 18 in Fighting
 28389 | Spider:1 | Entered Level 1 of the Spider Nest
 28391 | Spider:1 | Noticed Louise
 28400 | Spider:1 | Killed Louise
 28400 | Spider:1 | Received a gift from Okawaru
 28420 | Spider:1 | Reached skill level 15 in Armour
 29029 | Spider:2 | Received a gift from Okawaru
 29206 | Spider:4 | Entered Level 4 of the Spider Nest
 29483 | Spider:4 | Received a gift from Okawaru
 29490 | Spider:4 | Reached skill level 10 in Dodging
 29508 | Spider:4 | Reached XP level 17. HP: 104/166 MP: 22/25
 29516 | Arena    | Entered the Arena
 29960 | Spider:4 | Reached skill level 15 in Shields
 30021 | Spider:4 | Noticed Arachne
 30048 | Spider:4 | Reached skill level 19 in Fighting
 30366 | Spider:4 | Got the Catalogue of Heated Damage
 30504 | Spider:4 | Killed Arachne
 31126 | Spider:4 | Identified the +2 hat of Xibic {rCorr Stlth+}
 31159 | Spider:4 | Got a gossamer rune of Zot
 31498 | Spider:4 | Gained mutation: Armour fits poorly on your strangely
                  | shaped body. [mutagenic glow]
 31508 | Spider:4 | Gained mutation: You are dopey. (Int -2) [mutagenic glow]
 31528 | Abyss:4  | Cast into level 4 of the Abyss (unwielding a weapon of
                  | distortion)
 31529 | Abyss:4  | Lost mutation: Armour fits poorly on your strangely shaped
                  | body. [potion of mutation]
 31529 | Abyss:4  | Lost mutation: You expend magic power (3 MP) to strengthen
                  | your wands. [potion of mutation]
 31529 | Abyss:4  | Lost mutation: You are dopey. (Int -2) [potion of mutation]
 31529 | Abyss:4  | Gained mutation: Your magical capacity is low. (-10% MP)
                  | [potion of mutation]
 31695 | Abyss:4  | Received a gift from Okawaru
 31699 | Spider:4 | Escaped the Abyss
 31886 | Spider:1 | Reached skill level 20 in Fighting
 32018 | D:14     | Voluntarily entered the Abyss.
 32018 | Abyss:4  | Found a corrupted altar of Lugonu.
 32020 | Abyss:4  | Found a corrupted altar of Lugonu.
 32065 | Abyss:4  | Lost intelligence.
 32223 | Abyss:4  | Received a gift from Okawaru
 32256 | Abyss:4  | Paralysed by accursed screaming for 1 turns
 32262 | Arena    | Entered the Arena
 32312 | Abyss:4  | Noticed a bone dragon
 32324 | Abyss:4  | Noticed a lich
 32325 | Abyss:4  | Killed a bone dragon
 32326 | Abyss:4  | Reached XP level 18. HP: 24/180 MP: 23/23
 32332 | Abyss:4  | Killed a lich
 32584 | Abyss:4  | Noticed a profane servitor
 32589 | Arena    | Entered the Arena
 32715 | Abyss:4  | Found a transporter.
 32738 | Arena    | Entered the Arena
 32832 | Abyss:4  | Reached skill level 21 in Fighting
 32891 | Abyss:4  | Received a gift from Okawaru
 33040 | Abyss:4  | Noticed a tentacled monstrosity
 33045 | Abyss:4  | Gained mutation: You are clumsy. (Dex -2) [a neqoxec]
 33046 | Arena    | Entered the Arena
 33051 | Arena    | Killed a tentacled monstrosity
 33145 | Abyss:4  | Gained mutation: You occasionally shout uncontrollably at
                  | your foes. [a shining eye]
 33156 | Abyss:4  | Gained mutation: You occasionally lose the ability to drink
                  | potions when taking damage. [a shining eye]
 33179 | Abyss:4  | Found a shimmering altar of Xom.
 33179 | Abyss:4  | Found a corrupted altar of Lugonu.
 33207 | Abyss:4  | Got an abyssal rune of Zot
 33230 | D:14     | Escaped the Abyss
 33642 | D:14     | Lost mutation: You occasionally shout uncontrollably at
                  | your foes. [potion of mutation]
 33642 | D:14     | Lost mutation: You are very clumsy. (Dex -4) [potion of
                  | mutation]
 33642 | D:14     | Lost mutation: You sometimes lose the ability to drink
                  | potions when taking damage. [potion of mutation]
 33642 | D:14     | Gained mutation: You are partially covered in iridescent
                  | scales. (AC +2) [potion of mutation]
 33642 | D:14     | Gained mutation: You have a pair of large horns on your
                  | head. [potion of mutation]
 33705 | Depths:1 | Entered Level 1 of the Depths
 33710 | Depths:1 | Found an ancient bone altar of Kikubaaqudgha.
 33759 | Depths:1 | Reached skill level 22 in Fighting
 33960 | Depths:1 | Noticed a dread lich
 34149 | Depths:2 | Received a gift from Okawaru
 34724 | Depths:4 | Entered Level 4 of the Depths
 34918 | Depths:4 | Reached XP level 19. HP: 143/193 MP: 24/24
 35058 | Depths:4 | Found a radiant altar of Vehumet.
 35187 | Depths:4 | Noticed a bone dragon
 35188 | Depths:4 | Noticed a golden dragon
 35190 | Depths:4 | Received a gift from Okawaru
 35197 | Depths:4 | Killed a golden dragon
 35207 | Depths:4 | Killed a bone dragon
 35212 | Depths:4 | Found a gate to the Realm of Zot.
 35214 | Depths:4 | Noticed a golden dragon
 35222 | Depths:4 | Killed a golden dragon
 35581 | Zot:1    | Entered Level 1 of the Realm of Zot
 35886 | D:10     | Bought a scroll of enchant armour for 97 gold pieces
 35886 | D:10     | Bought a scroll of enchant armour for 97 gold pieces
 35886 | D:10     | Bought a scroll of revelation for 97 gold pieces
 35961 | Orc:1    | Bought a scroll of revelation for 97 gold pieces
 35961 | Orc:1    | Bought a scroll of fear for 52 gold pieces
 36289 | Zot:1    | Noticed a golden dragon
 36307 | Zot:1    | Killed a golden dragon
 36395 | Zot:2    | Received a gift from Okawaru
 36409 | Zot:2    | Reached skill level 23 in Fighting
 36433 | Zot:2    | Noticed a golden dragon
 36437 | Zot:2    | Killed a golden dragon
 36579 | Arena    | Entered the Arena
 36986 | Zot:4    | Noticed a golden dragon
 37093 | Zot:4    | Received a gift from Okawaru
 37232 | Zot:5    | Entered Level 5 of the Realm of Zot
 37252 | Zot:5    | Noticed a golden dragon
 37258 | Zot:5    | Killed a golden dragon
 37432 | Zot:5    | Noticed a golden dragon
 37440 | Zot:5    | Killed a golden dragon
 37630 | Zot:5    | Identified the ring "Vuig" {rPois Will+ MP-9 AC+4 Str+2}
 37896 | Zot:5    | Received a gift from Okawaru
 38024 | Zot:5    | Noticed an ancient lich
 38026 | Zot:5    | Noticed an ancient lich
 38037 | Zot:5    | Killed an ancient lich
 38039 | Zot:5    | Killed an ancient lich
 38042 | Zot:5    | Received a gift from Okawaru
 38044 | Zot:5    | Reached XP level 20. HP: 170/206 MP: 19/25
 38054 | Zot:5    | Noticed an orb of fire
 38055 | Zot:5    | Noticed a Killer Klown
 38058 | Arena    | Entered the Arena
 38062 | Arena    | Killed an orb of fire
 38096 | Zot:5    | Reached skill level 24 in Fighting
 38115 | Zot:5    | Got the Orb of Zot
 38117 | Zot:5    | Identified the +9 long sword of Impatience {drain, Dex+6}
 38120 | Arena    | Entered the Arena
 38485 | Depths:4 | Noticed Uwkas the pandemonium lord
 38568 | Depths:3 | Noticed Wuebrenk the pandemonium lord
 38682 | D:13     | Noticed a seraph
 38695 | D:12     | HP: 9/206 [angel/+3 whip of holy wrath[a seraph] (7)]
 38699 | D:12     | Killed from afar by a seraph

Illustrated notes

Levels and vault maps discovered:
D:1:      matt_arrival_refuge, layout_basic
D:2:      layout_basic, ebering_ecumenical_altar_ruins, basic_altar,
          uniq_jessica
D:3:      layout_loops_ring, gammafunk_temple_overflow_claw,
          hangedman_abyss_or_decor_lesser_grid, nrook_campfire
D:4:      layout_basic
D:5:      layout_basic, marbit_many_paths, nicolae_figureground_pulse,
          uniq_duvessa, uniq_edmund, uniq_pikel
D:6:      layout_basic, lemuel_blue_sif_altar,
          amcnicky_mini_rare_corridor_liquid, nicolae_benzene_ring,
          uniq_jeremiah, uniq_sigmund
D:7:      minmay_thick_lines, layout_basic, minmay_temple_entry_mist,
          ebering_ghost_disaster_area
D:8:      minmay_cut_squares, layout_rooms, minmay_misc_feat_alley,
          nicolae_stop_n_shop_1, minivault_25, minmay_misc_feat_cross
D:9:      layout_long_grid, uniq_maurice
D:10:     layout_basic, erik_lair_island, serial_shops, shop,
          nicolae_take_the_stairs, kennysheep_mini_moat, shop,
          chequers_arboretum, hangedman_abyss_or_decor_slice
D:11:     layout_loops_ring
D:12:     layout_small_grid, uniq_urug
D:13:     layout_rooms, serial_aquarium, aquarium_bridge_square
          [aquarium_subvault_bridge, aquarium_subvault_window,
          aquarium_subvault_bridge, aquarium_subvault_wall],
          aquarium_bridge_square [aquarium_subvault_wall,
          aquarium_subvault_bridge, aquarium_subvault_balcony,
          aquarium_subvault_wall], aquarium_window_1, aquarium_window_fake,
          aquarium_window_fake, aquarium_view_2d, aquarium_view_2a,
          minmay_protected_statue, uniq_josephine
D:14:     layout_cave_pools, ximxim_vaults_locker_room,
          nicolae_uskayaw_murder_on_the_dancefloor, minmay_misc_feat_rugged,
          amcnicky_altar_lugonu_corruption, uniq_kirke
D:15:     grunt_enter_depths_giant_problem, layout_loops_corners,
          serial_aquarium, aquarium_bridge_straight [aquarium_subvault_bridge,
          aquarium_subvault_wall, aquarium_subvault_bridge,
          aquarium_subvault_wall], aquarium_window_2, aquarium_window_1,
          aquarium_view_2c, nicolae_hepliaklqana_hippocampus,
          due_unseen_surprise
Lair:1:   layout_regular_city, lemuel_fruit_tree
Lair:2:   layout_chaotic_city, minmay_shoals_entry_hut, spider_nest_entry_a,
          lightli_volcano_entry_magma_tube
Lair:3:   layout_loops_ring, grunt_megastairs_2, infiniplex_staircase_pool_2,
          serial_bayou_shore_b, serial_bayou_shore_b
Lair:4:   layout_gridlike
Lair:5:   guppyfry_lair_end_dragon, layout_loops_ring,
          minmay_slime_entry_oklob_open, grunt_megastairs_4
Shoals:1: layout_shoals
Shoals:2: layout_shoals, nicolae_shop_vocational
Shoals:3: layout_shoals, nicolae_shoals_former_cling_halls
Shoals:4: shoals_end_grunt_ice, layout_shoals, uniq_polyphemus
Spider:1: layout_chambers, drop_trap, uniq_louise, uniq_azrael, uniq_roxanne
Spider:2: layout_chambers, gammafunk_ghost_grave,
          hangedman_spider_tarantella_strand
Spider:3: layout_cave_pods
Spider:4: johnstein_spider_rune_arachne_lair, lemuel_hornet_nest
Orc:1:    minmay_goldmine, layout_diamond_mine, serial_shops,
          nicolae_shop_getting_attention, nicolae_shop_trees,
          nicolae_shop_tiny_statue_garden, library_closet,
          nicolae_orc_beogh_chapel
Orc:2:    pf_orc_diabolical, layout_diamond_mine,
          portal_ice_cave_entry_pillars_1, uniq_saint_roka
Depths:1: layout_basic, enter_ziggurat_c, pf_hell_entry_tar_spiral,
          hangedman_decor_peaks_small, minivault_16, kiku_gazebo_garden_becter
Depths:2: regret_index_reflect_refract, layout_gridlike, nemelex_altar_shiori,
          rand_demon_pan_entry_1, hangedman_geh_valley,
          minmay_stone_trees_small, uniq_boris
Depths:3: gammafunk_sealed_library, layout_cave_pools, abyss_entry_flame_altar,
          grunt_metal_band, kennysheep_cross_bottleneck, grunt_pan_entry_zigzag,
          serial_bayou_shore_b, infiniplex_staircase_pillars_3b
Depths:4: evilmike_zot_entry_round, layout_long_grid, rand_demon_pan_entry_5,
          nicolae_elyvilon_peaceful_grove, hell_entry, abyss_entry,
          nicolae_vehumet_radiance
Zot:1:    layout_cellular_growth, regret_index_zotdec_zees,
          regret_index_zotdec_split_disrupt
Zot:2:    layout_onion_interference, hangedman_zot_decor_scrapings
Zot:3:    layout_concentric_octagons
Zot:4:    layout_twisted_circle, hangedman_zot_gyre, uniq_tiamat
Zot:5:    layout_cathedral_of_symmetry, st_stairs_3

Skill      XL: |  1  2  3  4  5  6  7  8  9 10 11 12 13 14 15 16 17 18 19 20 |
---------------+-------------------------------------------------------------+-----
Fighting       | 4 5 6 7 8 9 11 12 14 15 16 17 18 20 22 23 24 | 24.2
Axes           | 3 4 5 6 8 9 11 12 14 16 17 18 | 18.0
Armour         | 4 5 6 7 8 9 11 12 13 14 15 18 20 21 22 | 22.3
Shields        | 4 5 6 7 8 9 10 11 13 14 15 | 15.0
Invocations    | 1 3 4 6 7 8 9 10 11 12 | 12.0
Dodging        | 3 5 7 10 11 13 14 | 14.4

Action                     |  1- 3 |  4- 6 |  7- 9 | 10-12 | 13-15 | 16-18 | 19-21 || total
---------------------------+-------+-------+-------+-------+-------+-------+-------++-------
  Melee: War axe           |    72 |   107 |   229 |   202 |       |       |       ||   610
         Headbutt          |    17 |    14 |    41 |    65 |   145 |   188 |    79 ||   549
         Broad axe         |       |       |       |   137 |   683 |   851 |   292 ||  1963
 Invoke: Heroism           |       |       |     2 |     1 |       |     1 |     2 ||     6
         Receive Weapon    |       |       |       |     1 |       |       |       ||     1
         Receive Armour    |       |       |       |     1 |       |       |       ||     1
         Duel              |       |       |       |       |     1 |     5 |     3 ||     9
         Finesse           |       |       |       |       |       |     9 |     6 ||    15
  Evoke: Condenser vane    |       |       |       |       |       |     1 |       ||     1
         Wand              |       |       |       |       |       |       |     2 ||     2
    Use: Scroll            |       |    13 |     2 |     9 |    11 |     9 |     8 ||    52
         Potion            |       |     1 |     1 |     2 |     1 |    19 |    16 ||    40
   Stab: Confused          |       |       |       |       |       |     1 |       ||     1
         Invisible         |       |       |       |       |       |       |     3 ||     3
 Armour: Scale mail        |    52 |    53 |       |       |       |       |       ||   105
         Chain mail        |       |    12 |   189 |   172 |   395 |   555 |   277 ||  1600
         Plate armour      |       |       |       |    75 |       |       |       ||    75
  Dodge: Dodged            |    41 |    32 |    80 |   149 |   295 |   515 |   198 ||  1310
  Block: Buckler           |    10 |       |       |       |       |       |       ||    10
         Kite shield       |    21 |    50 |   148 |   264 |   489 |   636 |   186 ||  1794
